AoeStats
← 8

Black Forest

510214805Analyzed
4v4 RM · 4d ago on Sep 30, 2026· 43m 40s· 8 players
Game mode
Random Map
Map size
Large (8 player)
Population
200
Speed
Normal
Resources
Standard
Victory
Conquest
Starting age
Dark Age
Ending age
Imperial Age
RankedLock teamsTeams togetherTeam positionsShared explorationLock speedFull tech treeHidden civsTurbo modeCheats
Victory
Defeat
🇧🇷 Hindustanis · Brazil
1330
+13
🇧🇷 Franks · Brazil
1241
+17
🇧🇷 Saracens · Brazil
1225
+18
🇧🇷 Mongols · Brazil
1135
+22
🇺🇸 Khmer · United States
1294
-18
🇫🇷 Persians · France
1282
-18
🇺🇸 Dravidians · United States
1245
-17
🇵🇪 Bohemians · Peru
1241
-17
ZePablo
5:08 Loom
8:48 Feudal Age
13:07 Double-Bit Axe
20:27 Castle Age
21:14 Wheelbarrow
20:20 Horse Collar
21:34 Bow Saw
27:28 Bloodlines
27:25 Scale Barding Armor
29:26 Chain Barding Armor
33:28 Town Watch
34:02 Hand Cart
34:52 Husbandry
34:35 Elite Skirmisher
35:13 Fletching
35:23 Padded Archer Armor
35:33 Pikeman
39:58 Fervor
40:00 Redemption
40:12 Sanctity
40:29 Bodkin Arrow
40:49 Leather Archer Armor
40:45 Forging
40:35 Scale Mail Armor
40:38 Squires
45:46 Imperial Age
SL.Alex
9:28 Feudal Age
10:01 Double-Bit Axe
16:38 Padded Archer Armor
20:47 Castle Age
19:05 Fletching
19:09 Gold Mining
20:48 Crossbowman
21:35 Bodkin Arrow
26:17 Ballistics
28:31 Leather Archer Armor
29:22 Forging
29:25 Bow Saw
35:29 Imperial Age
34:17 Horse Collar
35:25 Fervor
35:35 Elite Skirmisher
37:27 Chemistry
36:31 Bracer
39:18 Thumb Ring
40:46 Arbalester
43:07 Conscription
43:58 Ring Archer Armor
rubensleiteramalho
0:27 Loom
10:29 Feudal Age
23:59 Castle Age
22:08 Horse Collar
22:21 Stone Mining
22:27 Double-Bit Axe
23:05 Gold Mining
23:22 Fletching
23:33 Padded Archer Armor
38:50 Bow Saw
39:18 Wheelbarrow
40:45 Stone Shaft Mining
40:13 Heavy Plow
40:38 Scale Barding Armor
42:37 Gold Shaft Mining
42:26 Hand Cart
44:01 Bodkin Arrow
Dougras
7:09 Loom
9:24 Feudal Age
10:18 Double-Bit Axe
16:27 Scale Barding Armor
18:45 Wheelbarrow
19:28 Forging
20:19 Gold Mining
22:55 Castle Age
21:07 Gold Mining
24:02 Husbandry
24:26 Hand Cart
23:56 Town Watch
24:42 Chain Barding Armor
24:57 Iron Casting
28:17 Gold Shaft Mining
33:36 Stone Mining
38:47 Imperial Age
37:30 Scale Mail Armor
39:15 Pikeman
39:56 Squires
40:22 Conscription
40:46 Chain Mail Armor
41:32 Blast Furnace
39:59 Cavalier
42:08 Plate Barding Armor
40:57 Halberdier
43:43 Chemistry
42:24 Treadmill Crane
43:43 Plate Mail Armor
Sahraoui
10:23 Feudal Age
14:15 Castle Age
20:11 Loom
25:28 Bloodlines
28:33 Fletching
29:12 Husbandry
28:33 Light Cavalry
29:38 Bodkin Arrow
36:57 Imperial Age
35:13 Scale Barding Armor
35:19 Forging
35:49 Double-Bit Axe
36:42 Wheelbarrow
37:30 Cavalier
39:01 Chain Barding Armor
38:34 Pikeman
39:15 Squires
39:01 Arson
39:19 Scale Mail Armor
39:56 Iron Casting
EL CHANCHO 3026
0:55 Loom
12:13 Feudal Age
Ra
10:51 Feudal Age
13:37 Castle Age
11:31 Loom
13:49 Castle Age
13:12 Double-Bit Axe
14:22 Horse Collar
30:37 Bloodlines
33:45 Wheelbarrow
33:29 Forging
33:28 Scale Barding Armor
33:55 Bow Saw
35:32 Chain Barding Armor
35:15 Gold Mining
35:15 Town Watch
35:39 Heavy Plow
36:32 Gold Shaft Mining
36:44 Forging
40:36 Imperial Age
39:18 Hand Cart
39:04 Town Patrol
42:00 Conscription
42:21 Plate Barding Armor
42:23 Iron Casting
41:47 Light Cavalry
42:28 Husbandry
8
0:27 Loom
11:55 Feudal Age
20:09 Castle Age
18:17 Double-Bit Axe
19:33 Fletching
23:23 Crossbowman
26:09 Bodkin Arrow
32:35 Bow Saw
34:47 Horse Collar
35:52 Wheelbarrow
36:57 Forging
40:36 Padded Archer Armor
43:17 Imperial Age
41:37 Ballistics
41:18 Gold Mining
Connection lost

Rejoining the realm…

Still unreachable

The connection could not be restored.

Session expired

The server has moved on; the page needs a fresh start.